 Dungeon Crawl Stone Soup version 0.20.1-1-g8b1a95d (webtiles) character file.

18 vishdafish the Cudgeler (level 2, -3/29 HPs)
             Began as a Troll Berserker on July 12, 2017.
             Was a Follower of Trog.
             Slain by a hobgoblin
             ... wielding a +0 club
             ... led by Robin
              (4 damage)
             ... on level 1 of the Dungeon.
             The game lasted 00:01:57 (696 turns).

vishdafish the Cudgeler (Troll Berserker)            Turns: 696, Time: 00:01:58

Health: -3/29      AC:  5    Str: 24    XL:     2   Next: 48%
Magic:  1/1        EV: 10    Int:  3    God:    Trog [*.....]
Gold:   50         SH:  0    Dex: 11    Spells: 1/1 levels left

rFire    . . .     SeeInvis .   a - +0 mace
rCold    . . .     Gourm    +   (no shield)
rNeg     . . .     Faith    .   b - +0 animal skin
rPois    .         Spirit   .   (helmet restricted)
rElec    .         Reflect  .   (no cloak)
rCorr    .         Harm     .   (gloves unavailable)
MR       .....     Clarity  +   (boots unavailable)
Stlth    +.........             (no amulet)
Regen    0.5/turn               (no ring)
MPRegen  0.1/turn               (no ring)

@: no status effects
A: unfitting armour, claws 3, agile 1, clarity, fast metabolism 3, gourmand,
high mp 1, regeneration 1, shaggy fur 1, tough skin 2, wild magic 1
a: Berserk, Burn Spellbooks, Renounce Religion


You were on level 1 of the Dungeon.
You worshipped Trog.
Trog was aware of your devotion.
You were not hungry.

You visited 1 branch of the dungeon, and saw 2 of its levels.

You collected 50 gold pieces.

Inventory:

Hand Weapons
 a - a +0 mace (weapon)
Armour
 b - a +0 animal skin (worn)
Scrolls
 d - a scroll of noise {unknown}
 f - a scroll of random uselessness {unknown}
 g - a scroll of magic mapping {unknown}
 h - 3 scrolls of teleportation {unknown}
Potions
 e - a potion of mutation
Comestibles
 c - 2 bread rations
 j - a royal jelly


   Skills:
 + Level 2.6 Fighting
 * Level 3.0 Maces & Flails
 + Level 2.7 Dodging


You had one spell level left.
You didn't know any spells.

Dungeon Overview and Level Annotations

Branches:
Dungeon (2/15)

Altars:

Annotations:
D:2 Robin


Innate Abilities, Weirdness & Mutations

You are too large for most types of armour.
You have claws for hands.
Your metabolism is lightning-fast.
You like to eat raw meat.
Your natural rate of healing is unusually fast.
You are covered in fur. (AC +1)
You have very tough skin. (AC +2)
You are agile. (Dex +2)
You possess an exceptional clarity of mind.
You have an increased reservoir of magic. (+10% MP)
Your spells are a little harder to cast, but a little more powerful.


Message History

The goblin closely misses you.
There is a stone staircase leading up here.
The goblin barely misses you. The goblin hits you with a dagger.
The hobgoblin hits you but does no damage.
The goblin closely misses you.
You climb upwards.
There is a stone staircase leading down, spattered with blood here.
You closely miss the goblin. The goblin hits you with a club!
The goblin hits you with a dagger.
The hobgoblin hits you but does no damage.
The goblin hits you.
You closely miss the goblin. The goblin hits you with a club!
* * * LOW HITPOINT WARNING * * *
The goblin hits you but does no damage. The goblin barely misses you.
The hobgoblin closely misses you. The goblin barely misses you.
The goblin closely misses you.
It was a potion of magic.
Magic courses through your body. The goblin hits you.
* * * LOW HITPOINT WARNING * * *
The hobgoblin hits you with a club.
You die...

###..........#...#
#..........#.#.#
#....).....#.#.#
####.#.....#.#.#
#.####..#.#.# #.#
#....#.# #.#
#.##.#.#
######.####.####g##
...............g@g#
######.####.†####g#
#..........).#
#######.###### #.#
### #.# #⌠# ###
#.###### #.# #⌠#
#......# ##.## #.#
#.####.#


You could see a hobgoblin and 3 goblins.

Vanquished Creatures
  A giant cockroach (D:1)
  4 goblins (D:1)
  2 hobgoblins (D:2)
  3 bats (D:1)
  A frilled lizard (D:1)
  2 kobolds (D:1)
  4 rats (D:1)
17 creatures vanquished.

Notes
Turn   | Place    | Note
-------+----------+-------------------------------------------
     0 | D:1      | vishdafish the Troll Berserker began the quest for the Orb.
     0 | D:1      | Reached XP level 1. HP: 22/22 MP: 0/0
   295 | D:1      | Reached XP level 2. HP: 29/29 MP: 1/1
   592 | D:1      | Reached skill level 3 in Maces & Flails
   622 | D:2      | Noticed Robin
   636 | D:2      | Gained mutation: Your spells are a little harder to cast, but a little more powerful. [potion of mutation]
   636 | D:2      | Gained mutation: You are agile. (Dex +2) [potion of mutation]
   636 | D:2      | Gained mutation: You have an increased reservoir of magic. (+10% MP) [potion of mutation]
   636 | D:2      | Gained mutation: You possess an exceptional clarity of mind. [potion of mutation]
   696 | D:1      | HP: 1/29 [goblin[Robin] (4)]
   696 | D:1      | Slain by a hobgoblin

Skill      XL: |  1  2 |
---------------+-------+-----
Maces & Flails | 3 |  3.0
Fighting       | |  2.6
Dodging        | |  2.7

Action                   || total
-------------------------++-------
Melee: Mace              ||    53
Invok: Berserk           ||     1
  Use: Potion            ||     3
  Eat: Chunk             ||     2
       Bread ration      ||     1
Armor: Animal skin       ||    37
Dodge: Dodged            ||    53
